 Dungeon Crawl Stone Soup version 0.18.1-5-g4a78601 (webtiles) character file.

79 Jerry the Slasher (level 3, -1/29 HPs)
             Began as a Demigod Skald on May 14, 2016.
             Slain by DrakieV's ghost (8 damage)
             ... on level 3 of the Dungeon.
             The game lasted 00:06:31 (1791 turns).

Jerry the Slasher (Demigod Skald)                   Turns: 1791, Time: 00:06:31

Health: -1/29      AC:  7    Str: 20    XL:     3   Next: 97%
Magic:  8/8        EV:  9    Int: 18    God:
Gold:   69         SH:  4    Dex: 17    Spells: 1 memorised, 4 levels left

rFire  x . .     SeeInvis .     a - +0 falchion
rCold  + . .     Gourm    .     k - +0 scale mail
rNeg   . . .     Faith    .     i - +0 buckler
rPois  .         Spirit   .     (no helmet)
rElec  .         Dismiss  .     (no cloak)
rCorr  .         Reflect  .     v - +0 pair of gloves
SustAt +         Harm     .     (no boots)
MR     .....                    (no amulet)
Stlth  ..........               o - +2 ring of intelligence
                                f - ring of ice

@: mighty, not resistant to hostile enchantments, extremely unstealthy
A: high mp 1, sustain attributes
a: no special abilities


You were on level 3 of the Dungeon.
You were not hungry.

You visited 1 branch of the dungeon, and saw 3 of its levels.

You collected 69 gold pieces.

Inventory:

Hand Weapons
 a - a +0 falchion (weapon)
Armour
 b - a +0 leather armour
 i - a +0 buckler (worn)
 k - a +0 scale mail (worn)
 v - a +0 pair of gloves (worn)
Jewellery
 f - a ring of ice (left hand)
 o - a +2 ring of intelligence (right hand)
Scrolls
 e - a scroll of fear {unknown}
 g - 4 scrolls of identify {unknown}
 j - a scroll of recharging {unknown}
 m - 5 scrolls of enchant armour {unknown}
 p - a scroll of random uselessness {unknown}
 s - a scroll of remove curse {unknown}
 w - a scroll of blinking {unknown}
Potions
 q - a potion of degeneration {unknown}
 r - 2 potions of brilliance {unknown}
 u - a potion of curing {unknown}
Books
 c - a book of Battle

   Spells                             Type                      Level
   a - Infusion                       Charms                       1
   b - Shroud of Golubria             Charms/Translocation         2
   c - Song of Slaying                Charms                       2
   d - Spectral Weapon                Hexes/Charms                 3
   e - Regeneration                   Charms/Necromancy            3
Comestibles
 d - a bread ration
 h - a slice of pizza
 t - a beef jerky


   Skills:
 - Level 1.7 Fighting
 + Level 2.9 Long Blades
 + Level 2.8 Armour
 - Level 0.8 Dodging
 - Level 1.7 Spellcasting
 + Level 2.6 Charms


You had 4 spell levels left.
You knew the following spells:

 Your Spells              Type           Power        Failure   Level  Hunger
a - Infusion              Chrm           ##..         30%         1    #......


Dungeon Overview and Level Annotations

Branches:
Dungeon (3/15)

Annotations:
D:3 DrakieV's ghost, amateur GrGl


Innate Abilities, Weirdness & Mutations

You have an increased reservoir of magic (+10% MP).
Your attributes are resistant to harm.


Message History

DrakieV's ghost is moderately damaged.
DrakieV's ghost barely misses you.
You barely miss DrakieV's ghost.
DrakieV's ghost is moderately damaged.
DrakieV's ghost barely misses you.
You hit DrakieV's ghost but do no damage.
DrakieV's ghost is moderately damaged.
DrakieV's ghost hits you!
You slash DrakieV's ghost!
DrakieV's ghost is heavily damaged.
DrakieV's ghost hits you.
You slash DrakieV's ghost!
DrakieV's ghost is severely damaged.
DrakieV's ghost hits you!
* * * LOW HITPOINT WARNING * * *
You block DrakieV's ghost's attack.
You hit DrakieV's ghost.
DrakieV's ghost is almost destroyed.
DrakieV's ghost hits you!
You die...

.. ..# #.###.# #[#
.....# #.# ..#..# #.#
#.#..# #.# ##.#..# #.###
. ##.#..# #.#.## ..(
....).#####....####.....
................@W'.....
.#.##.###......####.....
##.##.# ##.##.## ...
##.##.# #.#### . ##.##.#
#.# ##.##.# #.# ##.##.#
#.# ##.##.# #.# ......#
#.#


You could see DrakieV's ghost.

Vanquished Creatures
  2 adders (D:2)
  2 worms (D:2)
  A dart slug (D:1)
  A giant gecko (D:2)
  4 bats
  4 giant cockroaches
  11 goblins
  7 hobgoblins
  4 jackals (D:2)
  4 kobolds
  3 giant newts
  5 rats
48 creatures vanquished.

Notes
Turn   | Place    | Note
--------------------------------------------------------------
     0 | D:1      | Jerry the Demigod Skald began the quest for the Orb.
     0 | D:1      | Reached XP level 1. HP: 17/17 MP: 5/5
    24 | D:1      | Reached skill level 1 in Armour
   382 | D:1      | Reached XP level 2. HP: 23/24 MP: 7/7
   783 | D:2      | Reached XP level 3. HP: 27/29 MP: 8/8
  1783 | D:3      | Noticed DrakieV's ghost (amateur GrGl)
  1791 | D:3      | Slain by DrakieV's ghost

Skill      XL: |  1  2 |
---------------+-------+-----
Armour         | 1 2 |  2.8
Long Blades    | 2 |  2.9
Fighting       | |  1.7
Dodging        | |  0.8
Spellcasting   | |  1.7
Charms         | |  2.6

Action                   || total
-------------------------++-------
Melee: Falchion          ||   162
  Use: Potion            ||     3
  Eat: Chunk             ||     3
Armor: Scale mail        ||    74
       Leather armour    ||     4
Dodge: Dodged            ||    79
Block: Buckler           ||    30
